 Dungeon Crawl Stone Soup version 0.23.2-40-g277498a001 (webtiles) character file.

Game seed: 9535647010074368489

2006 Kikorro the Cutter (level 9, -2/78 HPs)
             Began as a Red Draconian Fighter on Sept 2, 2019.
             Was a Believer of Okawaru.
             Slain by wajtan's ghost (19 damage)
             ... on level 8 of the Dungeon.
             The game lasted 00:16:53 (7496 turns).

Kikorro the Cutter (Red Draconian Fighter)          Turns: 7496, Time: 00:16:54

Health: -2/78      AC:  7    Str: 26    XL:     9   Next: 2%
Magic:  9/9        EV: 11    Int:  8    God:    Okawaru [**....]
Gold:   355        SH: 11    Dex: 10    Spells: 8/8 levels left

rFire    + . .     SeeInvis .   v - +3 falchion
rCold    . . .     Gourm    .   b - +1 shield
rNeg     . . .     Faith    .   (armour unavailable)
rPois    .         Spirit   .   (helmet restricted)
rElec    .         Reflect  .   (no cloak)
rCorr    +         Harm     .   (no gloves)
MR       .....                  (no boots)
Stlth    +.........             (no amulet)
HPRegen  0.23/turn              f - +3 ring of strength
MPRegen  0.11/turn              t - ring of resist corrosion

@: berserk cooldown, slowed, drained, very slow
A: breathe fire, unfitting armour, fire resistance 1, cold-blooded, AC +7
a: Breathe Fire, Heroism, Renounce Religion


You were on level 8 of the Dungeon.
You worshipped Okawaru.
Okawaru was pleased with you.
You were not hungry.

You visited 2 branches of the dungeon, and saw 7 of its levels.

You collected 355 gold pieces.

Inventory:

Hand Weapons
 v - a +3 falchion (weapon)
Armour
 b - a +1 shield (worn)
Jewellery
 f - a +3 ring of strength (left hand)
 t - a ring of resist corrosion (right hand)
Wands
 j - a wand of acid (6)
 m - a wand of random effects (17)
Scrolls
 n - 2 scrolls of remove curse
 o - a scroll of fear {unknown}
 p - a scroll of blinking {unknown}
 q - a scroll of teleportation {unknown}
 s - a scroll of fog {unknown}
 u - a scroll of enchant weapon {unknown}
Potions
 c - a potion of might
 e - 5 potions of curing
 g - a potion of agility
 h - 4 potions of flight
 i - a potion of lignification
 k - 4 potions of heal wounds
 r - 2 potions of degeneration {unknown}
Comestibles
 d - 6 rations


   Skills:
 + Level 6.4(5.4) Fighting
   Level 7.1(6.1) Short Blades
 + Level 0.4(3.4) Long Blades
 + Level 5.5(4.5) Dodging
 + Level 2.0(1.1) Stealth
 + Level 6.2(5.2) Shields
 + Level 0.2(0.0) Invocations


You had 8 spell levels left.
You didn't know any spells.
Your spell library was empty.

Dungeon Overview and Level Annotations

Branches:
Dungeon (8/15)             Temple (1/1) D:7
   Lair: D:8-11

Altars:
Ashenzari
Cheibriados
Elyvilon
Fedhas
Gozag
Hepliaklqana
Kikubaaqudgha
Makhleb
Okawaru
Qazlal
Ru
Trog
Uskayaw
Vehumet
Wu Jian
Yredelemnul

Annotations:
D:8 wajtan's ghost, novice HuFi


Innate Abilities, Weirdness & Mutations

You can breathe blasts of fire.
Your fiery red scales are hard. (AC +7)
You cannot fit into any form of body armour.
Your flesh is heat resistant. (rF+)
You are cold-blooded and may be slowed by cold attacks.


Message History

Wajtan's ghost is heavily damaged.
You slash wajtan's ghost!
Wajtan's ghost is heavily damaged.
The spectral water moccasin bites you. The spectral water moccasin misses you.
Wajtan's ghost hits you.
You block the spectral water moccasin's attack.
Wajtan's ghost hits you!
* * * LOW HITPOINT WARNING * * *
You hit wajtan's ghost but do no damage.
You tail-slap wajtan's ghost.
Wajtan's ghost is heavily damaged.
You block the spectral water moccasin's attack.
Wajtan's ghost hits you.
* * * LOW HITPOINT WARNING * * *
You block the spectral water moccasin's attack.
You hit wajtan's ghost but do no damage.
Wajtan's ghost is heavily damaged.
You block the spectral water moccasin's attack.
Wajtan's ghost hits you!!
You die...

##..#### ##.........# # #......#
#.......##.# # #...##.#
#.#####.##.# ##
##.[....#################.##.# #.
.....##..........#.#.#.##.##.# #.
##.####.#######..#.....##.##.###.
#..# #.# #..'...(##......... ##.#
#.# #..W...?.#..####### #.# #.#
##@ZZ..$##..# ## ##.###.#####
#.#Z....#..# #.
##...##.....####.#.#.#.#..######.
...#.............#######.......#.
##...###.##..##...# #..#####.#.
##.## #.##..##.#.# #..###.....
###.# #.##.....#.#####...##.#.#.
....# #.##.....#....##....)(...(
##### ##.##..#######.....)##.#.#.


You could see a spectral water moccasin, a spectral worker ant, a spectral
centaur and wajtan's ghost.

Vanquished Creatures
  A wyvern (D:8)
  An orc warrior (D:8)
  A sky beast (D:7)
  An ogre (D:8)
  2 centaurs
  2 bullfrogs (D:8)
  9 wights (D:8)
  6 killer bees (D:8)
  A crimson imp (D:8)
  A hound (D:4)
  7 orc wizards
  5 orc priests
  A jelly (D:8)
  An iguana (D:7)
  A worker ant (D:4)
  3 hound zombies (D:7)
  4 adders
  A worm (D:2)
  2 leopard geckos (D:2)
  32 orcs
  3 ball pythons
  2 giant cockroaches (D:2)
  9 goblins
  9 hobgoblins
  4 jackals (D:1)
  7 kobolds
  3 quokkas
  2 bats (D:2)
  A frilled lizard (D:3)
  4 rats
126 creatures vanquished.

Notes
Turn   | Place    | Note
-------+----------+-------------------------------------------
     0 | D:1      | Kikorro the Draconian Fighter began the quest for the Orb.
     0 | D:1      | Reached XP level 1. HP: 19/19 MP: 1/1
   323 | D:1      | Reached XP level 2. HP: 26/26 MP: 2/2
   740 | D:2      | Reached XP level 3. HP: 33/33 MP: 3/3
  1555 | D:3      | Reached XP level 4. HP: 39/40 MP: 4/4
  2166 | D:3      | Reached skill level 3 in Short Blades
  2728 | D:4      | Found a blossoming altar of Fedhas.
  2854 | D:4      | Reached XP level 5. HP: 39/46 MP: 5/5
  2990 | D:4      | Found a snail-covered altar of Cheibriados.
  2993 | D:4      | Found a shattered altar of Ashenzari.
  3302 | D:4      | You fall through a shaft for 3 floors!
  3321 | D:7      | Found a staircase to the Ecumenical Temple.
  3333 | D:7      | Reached XP level 6. HP: 28/52 MP: 6/6
  3502 | D:7      | Reached skill level 4 in Short Blades
  4050 | D:7      | Reached skill level 1 in Stealth
  4251 | D:7      | Noticed a sky beast
  4274 | D:7      | Killed a sky beast
  4502 | D:7      | Reached skill level 5 in Short Blades
  4502 | D:7      | Your scales start taking on a fiery red colour.
  4502 | D:7      | Reached XP level 7. HP: 44/60 MP: 7/7
  4502 | D:7      | Gained mutation: Your flesh is heat resistant. (rF+) [Red
                  | Draconian growth]
  4712 | D:7      | Noticed a +0 dagger
  4713 | D:7      | Noticed a +0 dagger
  4878 | D:7      | Found a hide-covered altar of Uskayaw.
  4958 | Temple   | Entered the Ecumenical Temple
  5014 | Temple   | Became a worshipper of Warmaster Okawaru
  5151 | D:8      | Reached skill level 5 in Fighting
  5151 | D:8      | Reached skill level 6 in Short Blades
  5427 | D:8      | Reached skill level 5 in Shields
  5441 | D:8      | Reached XP level 8. HP: 51/68 MP: 8/8
  5449 | D:8      | Reached * piety under Okawaru
  6498 | D:8      | Reached skill level 5 in Dodging
  6607 | D:8      | Reached skill level 7 in Short Blades
  6783 | D:8      | Found a runed translucent gate.
  6783 | D:8      | Found a runed translucent gate.
  6784 | D:8      | Found a runed translucent gate.
  6841 | D:8      | Reached ** piety under Okawaru
  7281 | D:8      | Reached XP level 9. HP: 71/78 MP: 9/9
  7369 | D:8      | Noticed wajtan's ghost (novice HuFi)
  7496 | D:8      | Slain by wajtan's ghost

Skill      XL: |  1  2  3  4  5  6  7  8 |
---------------+-------------------------+-----
Dodging        | 3 4 5 |  5.5
Fighting       | 4 5 6 |  6.4
Short Blades   | 3 5 6 7 |  7.1
Shields        | 4 5 6 |  6.2
Stealth        | 1 2 |  2.0
Long Blades    | |  0.4
Invocations    | |  0.2

Action                   |  1- 3 |  4- 6 |  7- 9 || total
-------------------------+-------+-------+-------++-------
Melee: Rapier            |   117 |   181 |   224 ||   522
       Tailslap          |    12 |    18 |    42 ||    72
       Falchion          |       |       |    29 ||    29
Invok: Heroism           |       |       |     2 ||     2
 Abil: Breathe Fire      |       |       |     3 ||     3
  Use: Scroll            |     5 |     3 |     1 ||     9
       Potion            |       |       |     2 ||     2
 Stab: Sleeping          |       |     1 |       ||     1
  Eat: Chunk             |     2 |     9 |     4 ||    15
       Ration            |       |       |     2 ||     2
Armor: Skin              |    23 |    41 |    28 ||    92
Dodge: Dodged            |    38 |    71 |    69 ||   178
Block: Shield            |    71 |    81 |   112 ||   264
       Rpst.: Falchion   |       |       |     2 ||     2
